 Dungeon Crawl Stone Soup version 0.24.1-4-ge52af88ad5 (webtiles) character file.

Game seed: 272180412980362926, levelgen mode: deterministic

18473 Eitelfritz the Carver (level 12, -1/132 HPs)
             Began as a Minotaur Chaos Knight on Apr 16, 2020.
             Was a Plaything of Xom.
             Slain by a white ugly thing (26 damage)
             ... on level 13 of the Dungeon.
             The game lasted 00:51:31 (10554 turns).

Eitelfritz the Carver (Minotaur Chaos Knight)      Turns: 10554, Time: 00:51:32

Health: -1/132     AC: 19    Str: 22    XL:     12   Next: 28%
Magic:  15/15      EV: 16    Int:  9    God:    Xom [..*...]
Gold:   2243       SH:  6    Dex: 18    Spells: 11/11 levels left

rFire    + + .     SeeInvis .   a - +4 scimitar (flame)
rCold    . . .     Gourm    .   (no shield)
rNeg     . . .     Faith    .   g - +5 ring mail "Suhezoter" {rPois rF+}
rPois    +         Spirit   .   (helmet unavailable)
rElec    .         Reflect  +   F - +0 cloak
rCorr    .         Harm     .   d - +2 pair of gloves
MR       .....                  v - +1 pair of boots
Stlth    ++++......             j - +6 amulet of reflection
HPRegen  0.32/turn              i - +6 ring of dexterity
MPRegen  0.14/turn              A - ring of stealth

@: no status effects
A: retaliatory headbutt, claws 1, horns 3, talons 1, camouflage 1, agile 1, fire
resistance 1, poison resistance, robust 2, screaming 1, evolution 1, MP-powered
wands
a: Renounce Religion


You were on level 13 of the Dungeon.
You worshipped Xom.
You were a toy of Xom.
You were not hungry.

You visited 1 branch of the dungeon, and saw 13 of its levels.

You collected 2243 gold pieces.

Inventory:

Hand Weapons
 a - a +4 scimitar of flaming (weapon)
 B - a +1 falchion of chaos
 V - a +0 scimitar
Missiles
 k - 476 stones
 m - 15 boomerangs (quivered)
 t - 45 poisoned darts
 y - 7 atropa-tipped darts
 D - a throwing net
Armour
 d - a +2 pair of gloves (worn)
 g - the +5 ring mail "Suhezoter" (worn) {rPois rF+}
   (You found it on level 4 of the Dungeon)

   It protects you from fire.
   It protects you from poison.
 u - a +0 chain mail
 v - a +1 pair of boots (worn)
 F - a +0 cloak (worn)
 M - a +0 troll leather armour
Jewellery
 e - an uncursed amulet of harm
 i - a +6 ring of dexterity (left hand)
 j - a +6 amulet of reflection (around neck)
 s - an uncursed ring of wizardry
 A - a ring of stealth (right hand)
 N - a cursed amulet of inaccuracy {unknown}
 T - a +2 amulet of reflection
Wands
 b - a wand of digging (5)
 f - a wand of random effects (24)
 h - a wand of scattershot (1)
 r - a wand of paralysis (8)
 E - a wand of flame (34)
 O - a wand of polymorph (7)
 Q - a wand of acid (8)
Scrolls
 l - 2 scrolls of amnesia
 q - a scroll of fog
 w - 4 scrolls of teleportation
 z - 2 scrolls of remove curse
 J - a scroll of enchant armour
 R - a scroll of identify
 S - a scroll of immolation {unknown}
 U - a scroll of random uselessness {unknown}
Potions
 o - 2 potions of brilliance
 p - 2 potions of curing
 x - 3 potions of flight
 G - a potion of cancellation
 H - 2 potions of berserk rage
 I - a potion of haste
 K - a potion of agility
 L - 2 potions of heal wounds
 P - a potion of invisibility {unknown}
Comestibles
 c - 28 rations
 n - 2 chunks of flesh


   Skills:
 + Level 11.2 Fighting
 + Level 14.5 Long Blades
 + Level 0.3 Throwing
 + Level 10.6 Armour
 + Level 7.4 Dodging
 + Level 4.0 Stealth
 * Level 5.9 Evocations


You had 11 spell levels left.
You didn't know any spells.
Your spell library contained the following spells:

 Spells                   Type           Power        Failure   Level  Hunger
 Beastly Appendage        Tmut           #.....       52%         1    ##.....
 Summon Small Mammal      Summ           #...         52%         1    ##.....
 Call Imp                 Summ           #.......     65%         2    ###....
 Sticks to Snakes         Tmut           #.......     65%         2    ###....
 Call Canine Familiar     Summ           #.......     87%         3    ####...
 Spider Form              Tmut/Pois      #.........   87%         3    ####...
 Summon Guardian Golem    Hex/Summ       #.......     87%         3    ####...
 Ice Form                 Ice/Tmut       #.......     99%         4    #####..
 Summon Ice Beast         Ice/Summ       #.......     99%         4    #####..
 Summon Lightning Spire   Summ/Air       #.......     99%         4    #####..
 Blade Hands              Tmut           #.........   100%        5    ######.


Dungeon Overview and Level Annotations

Branches:
Dungeon (13/15)            Temple (0/1) D:5            Lair (0/6) D:9
    Orc (0/2) D:10
 Vaults: D:13-14

Altars:
Dithmenos
Fedhas
Kikubaaqudgha
Sif Muna
Trog
Uskayaw
Vehumet
Xom
Zin

Portals:
Trove: D:13 (show abyssal rune of Zot)

Annotations:
D:5 3 runed translucent doors, VeryBadPlayer's ghost, novice TrFi
D:9 2 transporters


Innate Abilities, Weirdness & Mutations

You reflexively headbutt those who attack you in melee.
You have a pair of large horns on your head.
You have sharp fingernails.
You have sharp toenails.
Your skin changes colour to match your surroundings (Stealth+).
You are agile. (Dex +2)
Your flesh is heat resistant. (rF+)
Your system is resistant to poisons. (rPois)
You are very robust. (+20% HP)
You occasionally shout uncontrollably at your foes.
You evolve.
You expend magic power (3 MP) to strengthen your wands.


Message History

Gang up on whom?
Press: ? - help, Dir - move target cursor, f - white ugly thing
Aim: a white ugly thing (lightly wounded) Attack!
The white ugly thing closely misses your iron imp.
Your iron imp hits the white ugly thing!
The white ugly thing bites your iron imp!
The white ugly thing freezes your iron imp!
Your iron imp resists.
Your iron imp dies!
You hit the white ugly thing. You burn the white ugly thing.
You headbutt the white ugly thing, but do no damage.
The white ugly thing is moderately wounded.
You block the white ugly thing's attack.
You barely miss the white ugly thing. You headbutt the white ugly thing!
The white ugly thing is heavily wounded.
The white ugly thing bites you.
* * * LOW HITPOINT WARNING * * *
The white ugly thing freezes you!!
You die... #...........
J J #.........
OJJa,

,
#......#
, p
#...รท..#
g , ,,,
#....u.#
Q , ,a,,
#......#Z
Z , *,,c,
#......#
* ,,
##.#####
* #.u@# a
* *
###.....#
* *
#####'# ,
* ,, , '
,, * , *
, ,,, , *
'


You could see a white ugly thing.

Vanquished Creatures
  An ironheart preserver (D:13)
  2 centaur warriors (D:13)
  2 two-headed ogres
  An unseen horror (D:11)
  A manticore (D:13)
  3 ugly things
  Maurice (D:8)
  3 kobold demonologists (D:13)
  An efreet (D:13)
  4 trolls
  A slime creature (D:13)
  3 hippogriffs
  A redback (shapeshifter) (D:13)
  A wraith (D:10)
  3 shadows
  A wyvern (D:9)
  3 humans (D:6)
  12 yaks
  A hungry ghost (D:10)
  Grum (D:11)
  A porcupine (D:9)
  4 ice beasts
  A sky beast (D:6)
  2 black bears (D:8)
  6 orc warriors
  2 phantoms
  A hornet zombie (D:11)
  4 ogres
  8 wolves
  A crocodile (D:9)
  3 centaurs
  2 big kobolds
  7 bullfrogs
  Blork the orc (D:6)
  6 scorpions
  2 jellies
  5 killer bees (D:10)
  2 howler monkeys (D:6)
  3 crimson imps
  3 bullfrog zombies
  2 quasits
  4 centaur skeletons
  7 orc priests
  A gnoll shaman (D:5)
  7 hounds
  12 orc wizards
  A bullfrog skeleton (D:12)
  3 iguanas
  Ijyb (D:4)
  15 worker ants
  A hound zombie (D:9)
  A hound skeleton (D:7)
  A worker ant zombie (D:10)
  A howler monkey skeleton (D:4)
  9 adders
  4 gnolls (D:5)
  4 shadow imps
  An ooze (D:5)
  An adder zombie (D:9)
  2 worms
  A dart slug (D:3)
  11 leopard geckos
  53 orcs
  2 ball pythons
  6 bats (D:1)
  4 giant cockroaches
  5 goblins
  11 hobgoblins
  17 jackals
  6 quokkas
  5 frilled lizards
  A jackal zombie (D:7)
  9 kobolds
  4 rats
323 creatures vanquished.

Vanquished Creatures (collateral kills)
  A human (D:6)
  A porcupine (D:9)
  An ice beast (D:7)
  A phantom (D:5)
  A centaur (D:7)
  A jelly (D:13)
  An orc wizard (D:5)
  An orc (D:7)
8 creatures vanquished.

Vanquished Creatures (others)
  2 kobolds
2 creatures vanquished.

Grand Total: 333 creatures vanquished

Notes
Turn   | Place    | Note
-------+----------+-------------------------------------------
     0 | D:1      | Eitelfritz the Minotaur Chaos Knight began the quest for
                  | the Orb.
     0 | D:1      | Reached XP level 1. HP: 19/19 MP: 0/0
    53 | D:1      | XOM: divination: detect creatures
    55 | D:1      | Reached XP level 2. HP: 27/27 MP: 1/1
   172 | D:1      | Reached skill level 4 in Long Blades
   303 | D:1      | Reached XP level 3. HP: 32/34 MP: 2/2
   309 | D:1      | XOM: divination: detect items
   674 | D:1      | XOM: harmless Tloc miscast
  1085 | D:2      | XOM: harmless Tmut miscast
  1230 | D:2      | XOM is BORED!
  1230 | D:2      | XOM: harmless Ice miscast
  1331 | D:2      | Reached XP level 4. HP: 41/41 MP: 3/3
  1409 | D:2      | XOM is BORED!
  1409 | D:2      | XOM: harmless Ice miscast
  1465 | D:2      | XOM: harmless Tmut miscast
  1709 | D:3      | Reached skill level 5 in Long Blades
  1713 | D:3      | Reached XP level 5. HP: 45/47 MP: 4/4
  1826 | D:3      | XOM: 3-stop teleportation journey
  1832 | D:3      | Reached skill level 5 in Fighting
  2111 | D:3      | XOM: noise
  2128 | D:3      | XOM: silly message
  2133 | D:3      | Reached skill level 6 in Long Blades
  2203 | D:3      | XOM: mild Tloc miscast
  2394 | D:3      | XOM: give mutation
  2394 | D:3      | Gained mutation: You occasionally shout uncontrollably at
                  | your foes. [Xom's mischief]
  2480 | D:4      | XOM: harmless Ice miscast
  2598 | D:3      | XOM: butterfly on damage
  2602 | D:3      | Reached XP level 6. HP: 44/56 MP: 5/5
  2736 | D:4      | XOM: divination: magic mapping
  2854 | D:4      | Got a warped ring mail
  2929 | D:4      | Found a bloodstained altar of Trog.
  2929 | D:4      | Found a blossoming altar of Fedhas.
  3077 | D:4      | Reached XP level 7. HP: 62/62 MP: 6/6
  3088 | D:4      | Noticed Ijyb
  3098 | D:4      | Killed Ijyb
  3098 | D:4      | Reached skill level 7 in Long Blades
  3115 | D:4      | Found a shimmering blue altar of Sif Muna.
  3427 | D:5      | Entered Level 5 of the Dungeon
  3471 | D:5      | Noticed VeryBadPlayer's ghost (novice TrFi)
  3547 | D:5      | XOM: cast spell 'Summon Dragon'
  3564 | D:5      | Reached skill level 5 in Armour
  3733 | D:5      | XOM: summons 2 hostile shadow creatures
  3788 | D:5      | XOM: medium Hex miscast
  3818 | D:5      | Reached skill level 1 in Stealth
  3832 | D:5      | Found a staircase to the Ecumenical Temple.
  3885 | D:5      | Found a runed translucent gate.
  3909 | D:5      | XOM: summons friendly crimson imp
  3929 | D:5      | Reached skill level 8 in Long Blades
  3961 | D:5      | Reached XP level 8. HP: 52/70 MP: 7/7
  3999 | D:5      | Found a runed translucent gate.
  4000 | D:5      | Found a runed translucent gate.
  4435 | D:5      | XOM: god gift: 25 gold pieces
  4467 | D:5      | XOM: mild Air miscast
  4601 | D:6      | Found a shimmering altar of Xom.
  4614 | D:6      | Found a hide-covered altar of Uskayaw.
  4615 | D:6      | Found a glowing silver altar of Zin.
  4615 | D:6      | Found a radiant altar of Vehumet.
  4617 | D:6      | Found a shadowy altar of Dithmenos.
  4618 | D:6      | Found an ancient bone altar of Kikubaaqudgha.
  4668 | D:6      | XOM: god gift: 42 gold pieces
  4821 | D:6      | XOM: confuse monster(s)
  4824 | D:6      | XOM: cleaving
  4830 | D:6      | XOM: smoke on damage
  4862 | D:6      | Reached skill level 9 in Long Blades
  4984 | D:6      | Noticed Blork the orc
  4990 | D:6      | Killed Blork the orc
  5153 | D:6      | Reached XP level 9. HP: 78/78 MP: 8/8
  5352 | D:7      | XOM: fog
  5368 | D:7      | XOM: summons friendly iron imp
  5491 | D:7      | Reached skill level 10 in Long Blades
  5534 | D:7      | You fall into a shaft and drop 1 floor!
  5552 | D:8      | XOM: smoke on damage
  6093 | D:7      | XOM: divination: magic mapping
  6095 | D:7      | Identified the +5 ring mail "Suhezoter" {rPois rF+} (You
                  | found it on level 4 of the Dungeon)
  6148 | D:8      | Noticed Maurice
  6157 | D:8      | Killed Maurice
  6256 | D:8      | Reached skill level 11 in Long Blades
  6352 | D:8      | XOM: give mutations
  6352 | D:8      | Gained mutation: Your flesh is heat resistant. (rF+) [Xom's
                  | grace]
  6352 | D:8      | Gained mutation: Your system is resistant to poisons.
                  | (rPois) [Xom's grace]
  6457 | D:9      | Found a staircase to the Lair.
  6461 | D:9      | XOM: summons 6 friendly demons
  6462 | D:9      | XOM: polymorph crocodile -> wyvern
  6468 | D:9      | XOM: enchant monster (good)
  6470 | D:9      | Reached skill level 1 in Evocations
  6470 | D:9      | Reached XP level 10. HP: 76/88 MP: 9/9
  6600 | D:8      | XOM: summons friendly crimson imp
  6632 | D:9      | XOM: give mutation
  6632 | D:9      | Gained mutation: You have a pair of large horns on your
                  | head. [Xom's grace]
  6633 | D:9      | XOM: confuse monster(s)
  6692 | D:9      | XOM: summons 5 friendly demons
  6766 | D:9      | Reached skill level 10 in Armour
  7082 | D:9      | Noticed a two-headed ogre
  7082 | D:9      | Noticed a white ugly thing
  7083 | D:9      | Noticed a salamander
  7084 | D:9      | Found a transporter.
  7084 | D:9      | Found a transporter.
  7084 | D:9      | Noticed an orb spider
  7088 | D:9      | an orb spider changed into an eye of draining
  7198 | D:9      | Noticed a manticore
  7198 | D:9      | a tarantella changed into a manticore
  7199 | D:9      | Noticed a mana viper
  7199 | D:9      | a manticore changed into a mana viper
  7207 | D:9      | Noticed a fire crab
  7207 | D:9      | a mana viper changed into a fire crab
  7209 | D:9      | a fire crab changed into a spriggan
  7217 | D:9      | Noticed an elephant
  7217 | D:9      | a merfolk changed into an elephant
  7356 | D:9      | XOM: smoke on damage
  7554 | D:10     | Entered Level 10 of the Dungeon
  7554 | D:10     | Noticed a two-headed ogre
  7554 | D:10     | XOM: 8-stop teleportation journey
  7618 | D:10     | XOM: scenery: 2 doors open
  7678 | D:10     | XOM: fake destruction
  7682 | D:10     | XOM: confuse monster(s)
  7691 | D:10     | Reached skill level 12 in Long Blades
  7691 | D:10     | Reached skill level 5 in Dodging
  7692 | D:10     | XOM: fog
  7750 | D:10     | Noticed a green ugly thing
  7764 | D:10     | Killed a green ugly thing
  7822 | D:10     | Found a staircase to the Orcish Mines.
  7855 | D:10     | Killed a two-headed ogre
  7984 | D:10     | XOM: give mutation
  7984 | D:10     | Gained mutation: You are agile. (Dex +2) [Xom's grace]
  8210 | D:10     | XOM: scenery: create altars
  8256 | D:11     | XOM: summons 4 friendly demons
  8321 | D:11     | Killed an unseen horror
  8321 | D:11     | Reached XP level 11. HP: 49/97 MP: 12/12
  8429 | D:11     | XOM: scenery: 1 doors open
  8433 | D:11     | Noticed Grum
  8446 | D:11     | Killed Grum
  8715 | D:11     | Reached skill level 13 in Long Blades
  8784 | D:11     | XOM is BORED!
  8784 | D:11     | XOM: stat loss: -2 Int (7/9)
  8894 | D:11     | Noticed a red ugly thing
  8906 | D:11     | Killed a red ugly thing
  9088 | D:11     | XOM: give mutations
  9088 | D:11     | Gained mutation: You are robust. (+10% HP) [Xom's grace]
  9088 | D:11     | Gained mutation: Your skin changes colour to match your
                  | surroundings (Stealth+). [Xom's grace]
  9088 | D:11     | Gained mutation: You are very robust. (+20% HP) [Xom's
                  | grace]
  9088 | D:11     | Gained mutation: You have sharp fingernails. [Xom's grace]
  9197 | D:11     | XOM: god gift: 1380 gold pieces
  9345 | D:12     | XOM: scenery: 2 doors open, 1 doors close
  9396 | D:12     | XOM: give mutations
  9396 | D:12     | Gained mutation: You expend magic power (3 MP) to
                  | strengthen your wands. [Xom's grace]
  9396 | D:12     | Gained mutation: You evolve. [Xom's grace]
  9396 | D:12     | Gained mutation: You have sharp toenails. [Xom's grace]
  9543 | D:12     | Noticed a two-headed ogre
  9548 | D:12     | XOM: enchant monster (good)
  9552 | D:12     | Killed a two-headed ogre
  9552 | D:12     | Reached skill level 10 in Fighting
  9608 | D:12     | XOM: harmless Hex miscast
  9616 | D:12     | Reached skill level 5 in Evocations
  9744 | D:12     | XOM: god gift: scroll labeled BAOHAU FOITHIV {god gift}
  9895 | D:13     | XOM: cloud trail
  9915 | D:13     | Noticed a centaur warrior
  9917 | D:13     | XOM: cast spell 'Alistair's Intoxication'
  9920 | D:13     | XOM: destruction
  9925 | D:13     | Killed a centaur warrior
  9925 | D:13     | Reached skill level 14 in Long Blades
 10214 | D:13     | XOM: divination: detect creatures
 10216 | D:13     | XOM: god gift: 15 bolts
 10227 | D:13     | Found a portal to a secret trove of treasure.
 10386 | D:13     | Noticed a sun demon
 10444 | D:13     | Noticed a brown ugly thing
 10451 | D:13     | Killed a brown ugly thing
 10451 | D:13     | Reached XP level 12. HP: 129/129 MP: 15/15
 10458 | D:13     | XOM: swap monsters
 10500 | D:13     | Noticed an ironheart preserver
 10501 | D:13     | XOM: summons 3 friendly demons
 10511 | D:13     | Killed an ironheart preserver
 10511 | D:13     | XOM: divination: magic mapping
 10511 | D:13     | Noticed a centaur warrior
 10516 | D:13     | Killed a centaur warrior
 10530 | D:13     | XOM: harmless Conj miscast
 10533 | D:13     | XOM: summons friendly iron imp
 10554 | D:13     | Slain by a white ugly thing

Levels and vault maps discovered:
D:1:      minmay_arrival_stone_box, layout_loops_ring, serial_forest,
          infiniplex_forest_clump_tiny, infiniplex_forest_3_way,
          infiniplex_forest_lined_ring, infiniplex_forest_zigzag_1,
          infiniplex_forest_zigzag_1, infiniplex_forest_straight_4,
          infiniplex_forest_straight_2, chequers_big_river, chequers_arboretum,
          due_unseen_surprise
D:2:      layout_loops_ring
D:3:      layout_rooms, first_ration
D:4:      layout_basic, old_standard_altar, gammafunk_temple_overflow_elements,
          uniq_ijyb
D:5:      minmay_octagon_keep, layout_basic,
          minmay_temple_entry_drinking_statues, gammafunk_ghost_split,
          hangedman_decor_opposing
D:6:      layout_loops_cross, grunt_temple_overflow_open, minmay_ruffians,
          uniq_blork_the_orc
D:7:      layout_gridville
D:8:      layout_rooms, grunt_ogre_cave, uniq_maurice
D:9:      gammafunk_sealed_arena, layout_basic, minmay_lair_entry_grove,
          hex_tiny, moated_statue
D:10:     layout_irregular_city, orc_0_dummy
D:11:     layout_irregular_city, uniq_grum
D:12:     layout_roguey
D:13:     layout_roguey, skrybe_vaults_entry_preservation,
          nicolae_trove_entry_crystal

Skill      XL: |  1  2  3  4  5  6  7  8  9 10 11 12 |
---------------+-------------------------------------+-----
Fighting       | 4 5 6 8 9 10 11 | 11.2
Long Blades    | 4 5 6 8 9 11 12 14 | 14.5
Armour         | 3 4 5 8 9 10 | 10.6
Dodging        | 2 3 4 5 6 7 |  7.4
Stealth        | 1 2 3 4 |  4.0
Evocations     | 1 3 5 |  5.9
Throwing       | |  0.3

Action                   |  1- 3 |  4- 6 |  7- 9 | 10-12 || total
-------------------------+-------+-------+-------+-------++-------
Melee: Falchion          |    78 |   151 |   168 |       ||   397
       Headbutt          |    11 |    22 |    84 |   149 ||   266
       Scimitar          |       |       |   142 |   451 ||   593
Throw: Boomerang         |       |     2 |     1 |       ||     3
Evoke: Wand              |       |       |     1 |       ||     1
  Use: Scroll            |       |     8 |     2 |    12 ||    22
       Potion            |       |     1 |       |       ||     1
 Stab: Paralysed         |     1 |     1 |       |       ||     2
       Petrified         |       |       |     1 |     1 ||     2
       Petrifying        |       |       |     1 |     1 ||     2
       Sleeping          |       |       |       |     8 ||     8
       Distracted        |       |       |       |     3 ||     3
       Confused          |       |       |       |     1 ||     1
  Eat: Chunk             |     1 |     3 |    11 |    12 ||    27
       Ration            |       |     1 |       |     1 ||     2
Armor: Leather armour    |    29 |    10 |       |       ||    39
       Scale mail        |       |    62 |    44 |       ||   106
       Chain mail        |       |       |    81 |       ||    81
       Ring mail         |       |       |    10 |   177 ||   187
Dodge: Dodged            |    54 |    84 |   141 |   284 ||   563
Block: Other             |       |     8 |    73 |   116 ||   197
       Reflection        |       |       |     8 |     7 ||    15
       Rpst.: Falchion   |    13 |    21 |    13 |       ||    47
       Scimitar          |       |       |    11 |    54 ||    65
